 Dungeon Crawl Stone Soup version 0.30-a0-620-g0e44632947 (webtiles) character file.

Game seed: 5369055693373299159

198 Dartaoz the Shield-Bearer (level 5, -6/53 HPs)
             Began as a Troll Fighter on Jan 10, 2023.
             Mangled by Duvessa
             ... wielding a +0 rapier
              (7 damage)
             ... on level 4 of the Dungeon.
             The game lasted 00:05:51 (2427 turns).

Dartaoz the Shield-Bearer (Troll Fighter)           Turns: 2427, Time: 00:05:52

Health: -6/53      AC:  4    Str: 24    XL:     5   Next: 47%
Magic:  4/4        EV:  9    Int:  4    God:
Gold:   190        SH:  8    Dex: 11    Spells: 4/4 levels left

rFire   . . .      SeeInvis .      - Unarmed
rCold   . . .      Faith    .    b - +0 kite shield
rNeg    . . .      Spirit   .    a - +0 robe
rPois   .          Reflect  .    (helmet restricted)
rElec   .          Harm     .    (no cloak)
rCorr   .          Rampage  .    (gloves unavailable)
Will    +....                    (boots unavailable)
Stlth   +                        g - amulet of regeneration
HPRegen 1.88/turn                j - ring of willpower
MPRegen 0.09/turn                (no ring)

@: no status effects
A: large, unfitting armour, claws 3, regeneration 1, shaggy fur 1, tough skin 1
a: no special abilities


You were on level 4 of the Dungeon.
You visited 1 branch of the dungeon, and saw 4 of its levels.

You collected 190 gold pieces.

Inventory:

Missiles
 l - 5 poisoned darts (quivered)
Armour
 a - a +0 robe (worn)
 b - a +0 kite shield (worn)
Jewellery
 g - an amulet of regeneration (around neck)
 j - a ring of willpower (left claw)
Scrolls
 e - 2 scrolls of teleportation {unknown}
 f - 3 scrolls of vulnerability {unknown}
 h - 2 scrolls of noise {unknown}
 m - 2 scrolls of magic mapping {unknown}
 n - 2 scrolls of enchant weapon {unknown}
 o - 5 scrolls of identify {unknown}
 p - 4 scrolls of enchant armour {unknown}
 s - a scroll of fear {unknown}
 t - a scroll of fog {unknown}
Potions
 c - 2 potions of might
 d - a potion of heal wounds {unknown}
 i - 2 potions of lignification {unknown}
 k - 4 potions of curing {unknown}
 q - a potion of ambrosia {unknown}
 r - a potion of magic {unknown}
 u - a potion of degeneration {unknown}


   Skills:
 + Level 3.3 Fighting
 + Level 3.2 Dodging
 + Level 3.6 Shields
 + Level 3.3 Unarmed Combat


You had 4 spell levels left.
You didn't know any spells.
Your spell library contained the following spells:

 Spells                   Type           Power      Damage    Failure   Level
 Ensorcelled Hibernation  Hex/Ice        0%         N/A       90%         2
 Momentum Strike          Conj/Tloc      0%         3d8       90%         2
 Passwall                 Tmut/Erth      0%         N/A       90%         2
 Poisonous Vapours        Pois/Air       0%         N/A       90%         2
 Portal Projectile        Hex/Tloc       0%         N/A       99%         3
 Swiftness                Air            0%         N/A       99%         3
 Anguish                  Hex/Necr       0%         N/A       100%        4
 Enfeeble                 Hex            0%         N/A       100%        7


Dungeon Overview and Level Annotations

Branches:
Dungeon (4/15)
 Temple: D:4-7

Altars:
Ashenzari
Kikubaaqudgha

Annotations:
D:4 Duvessa


Innate Abilities, Weirdness & Mutations

You are too large for most types of armour.
You have claws for hands.
Your natural rate of healing is unusually fast.
You are covered in fur. (AC +1)
You have tough skin. (AC +1)


Message History

You see here a +0 hand axe.
You see here a +0 hand axe.
Dowan points at you and mumbles some strange words.
The puff of frost hits you! You block Dowan's attack.
You closely miss Dowan. Dowan hits you with a +0 dagger.
You scratch Dowan.
Dowan is lightly wounded.
You block Dowan's attack.
You claw Dowan!
Dowan is heavily wounded.
Dowan gestures at you while chanting. The puff of flame hits you.
You barely miss Duvessa.
Dowan casts a spell.
Dowan blinks!
You barely miss Duvessa. Duvessa hits you with a +0 rapier.
Dowan casts a spell at you. The puff of flame hits you!
You scratch Duvessa but do no damage. You block Duvessa's attack.
Dowan says, "My weaknesses are her strengths!"
You scratch Dowan.
Dowan is heavily wounded.
Duvessa hits you with a +0 rapier.
Dowan casts a spell.
Dowan blinks!
You claw Dowan!
You kill Dowan!
Duvessa screams in rage.
Duvessa goes berserk!
Duvessa hits you with a +0 rapier! You block Duvessa's attack.
You closely miss Duvessa. Duvessa hits you with a +0 rapier!!
You block Duvessa's attack.
You are too injured to fight recklessly!
You are too injured to fight recklessly!
You barely miss Duvessa. Duvessa hits you with a +0 rapier!
* * * LOW HITPOINT WARNING * * *
Duvessa barely misses you. Duvessa attacks as you move away!
Duvessa hits you with a +0 rapier!
You die...

#.........###..#
#...~...~..##..#
#.......o..o#..#
#..........o#..#
#.......oo.$#.##
#..~...e..##.#
#......e.###.#
#.#########..#
#oe@).......##
#############


You could see Duvessa (berserk) and an orc.

Vanquished Creatures
  Dowan (D:4)
  2 orc priests
  An adder (D:3)
  2 worms
  A dart slug (D:3)
  6 orcs
  7 bats
  3 endoplasms
  3 giant cockroaches
  14 goblins
  4 hobgoblins
  A jackal (D:2)
  2 kobolds (D:2)
  2 quokkas (D:1)
  9 ball pythons
  4 frilled lizards
  4 rats
66 creatures vanquished.

Notes
Turn   | Place    | Note
-------+----------+-------------------------------------------
     0 | D:1      | Dartaoz the Troll Fighter began the quest for the Orb.
     0 | D:1      | Reached XP level 1. HP: 22/22 MP: 0/0
   123 | D:1      | Reached XP level 2. HP: 29/29 MP: 1/1
   725 | D:2      | Reached XP level 3. HP: 33/36 MP: 2/2
   926 | D:2      | Found a broken altar of Ashenzari.
  1303 | D:3      | Got the Atlas of the Septic Geodesic
  1388 | D:3      | Reached XP level 4. HP: 44/44 MP: 3/3
  1523 | D:3      | Reached XP level 5. HP: 53/53 MP: 4/4
  1840 | D:3      | Found an ancient bone altar of Kikubaaqudgha.
  2370 | D:4      | Noticed Dowan
  2374 | D:4      | Noticed Duvessa
  2424 | D:4      | Killed Dowan
  2426 | D:4      | HP: 1/53 [Duvessa/+0 rapier (17)]
  2427 | D:4      | Mangled by Duvessa

Illustrated notes

Levels and vault maps discovered:
D:1:      psy_arrival_statuary, layout_basic, hex_intersection
D:2:      layout_rooms, basic_altar, hangedman_decor_opposing,
          corexii_corridor_pit, minmay_quadrilaterals
D:3:      minmay_inner_zag, layout_basic, mainiacjoe_overflow_surrounded_room
D:4:      cheibrodos_pilgrimage, layout_basic, makhleb_altar_promises_db,
          mainiacjoe_overflow_six_doors_small,
          minmay_temple_entry_statues_pillars, minmay_misc_feat_x,
          uniq_blork_the_orc, uniq_duvessa, uniq_sigmund

Skill      XL: |  1  2  3  4 |
---------------+-------------+-----
Shields        | 3 |  3.6
Fighting       | 3 |  3.3
Dodging        | 3 |  3.2
Unarmed Combat | 3 |  3.3

Action                   |  1- 3 |  4- 6 || total
-------------------------+-------+-------++-------
Melee: Unarmed           |   105 |    54 ||   159
Armor: Robe              |    40 |     9 ||    49
Dodge: Dodged            |    37 |    22 ||    59
Block: Kite shield       |    33 |    23 ||    56

Table legend: (Time is in decaauts)
 A = Elapsed time spent in this place.
 B = Non-inter-level travel time spent in this place.
 C = Inter-level travel time spent in this place.
 D = Time resting spent in this place.
 E = Time spent auto-exploring this place.
 F = Levels seen in this place.
 G = Mean time per level.
                   A        B        C        D        E       F      G
               +--------+--------+--------+--------+--------+-----+--------+
         Total |   2441 |   2374 |     67 |     25 |   1911 |   4 |  610.2 |
       Dungeon |   2441 |   2374 |     67 |     25 |   1911 |   4 |  610.2 |
               +--------+--------+--------+--------+--------+-----+--------+

Top non-repeatable levels by time:
     D:3: 953 daAuts
     D:1: 671 daAuts
     D:2: 626 daAuts
     D:4: 190 daAuts
